Map: Dreamcatcher LE

Players

BobbyAwesome - Winner!

  • Race: Protoss Protoss
  • Spawn Location: 11:00

WindTalker

  • Race: Zerg Zerg
  • League: Diamond
  • Spawn Location: 5:00

VOD

Have the link to the VOD?

Description

Time

  • Played on: May 18, 2018, 2:15 a.m.
  • Length: 11:50
Show
View Real Time Build Order
Export as new Build Order

BobbyAwesome Protoss - Winner!

Build Orders:  

Get SALT Encoding   

  12  0:01  Probe  
  13  0:14  Pylon  
  13  0:22  Assimilator  
  13  0:32  Probe  
  13  0:33  Gateway  
  14  0:40  Probe  
  14  0:49  Probe  
  16  1:02  Probe  
  17  1:09  Gateway  
  17  1:14  Probe  
  18  1:21  Cybernetics Core  
  18  1:24  Zealot  
  20  1:28  Probe  
  21  1:35  Pylon  
  21  1:40  Probe  
  22  1:48  Stalker  
  22  1:50  Stalker  
  22  1:52  Probe  
  23  1:59  Warp Gate  
  27  2:12  Pylon  
  27  2:22  Probe  
  28  2:33  Adept x2  
  28  2:34  Probe  
  33  2:46  Probe  
  33  2:47  Assimilator  
  33  2:58  Probe  
  32  3:30  Stalker  
  32  3:31  Stalker  
  34  3:37  Probe  
  35  3:46  Gateway, Nexus  
  35  3:49  Gateway, Probe  
  35  3:54  Pylon  
  36  4:07  Probe  
  36  4:08  Pylon  
  37  4:11  Stalker  
  37  4:12  Stalker  
  37  4:16  Probe  
  41  4:24  Probe  
  42  4:26  Twilight Council  
  43  4:33  Probe  
  44  4:45  Probe  
  45  4:49  Gateway  
  45  4:51  Stalker  
  45  4:52  Stalker  
  47  5:07  Blink  
  47  5:09  Probe x2  
  49  5:21  Probe x2  
  51  5:32  Forge  
  51  5:33  Pylon, Probe  
  51  5:34  Probe  
  53  5:35  Stalker  
  53  5:41  Protoss Ground Weapons Level 1  
  55  5:45  Probe  
  55  5:46  Assimilator, Probe  
  57  5:58  Gateway  
  57  6:02  Gateway  
  57  6:05  Stalker  
  57  6:07  Probe  
  60  6:14  Probe  
  61  6:19  Probe  
  61  6:24  Assimilator  
  62  6:31  Stalker x3  
  68  6:37  Probe x2  
  70  6:41  Stalker  
  72  7:15  Nexus  
  72  7:18  Pylon  
  72  7:20  Pylon  
  72  7:23  Robotics Facility x2  
  72  7:26  Pylon  
  72  7:32  Probe x2  
  72  7:34  Sentry x2  
  78  7:38  Sentry x3  
  78  7:40  Probe  
  78  7:43  Pylon  
  84  7:44  Probe  
  84  7:45  Pylon  
  84  7:48  Photon Cannon, Probe  
  86  7:53  Protoss Ground Weapons Level 2  
  86  7:56  Charge, Probe  
  86  7:57  Pylon  
  88  7:58  Probe  
  88  8:01  Zealot  
  91  8:10  Warp Prism  
  91  8:12  Observer  
  94  8:18  Zealot x2  
  98  8:29  Probe  
  98  8:31  Probe x2  
  99  8:37  Probe  
  100  8:43  Probe x2  
  100  8:45  Probe  
  100  8:48  Robotics Bay  
  102  8:53  Gateway  
  102  8:54  Gateway  
  102  8:55  Probe  
  104  9:05  Observer  
  104  9:06  Observer  
  106  9:13  Assimilator  
  106  9:15  Assimilator  
  106  9:21  Photon Cannon  
  106  9:22  Photon Cannon  
  106  9:25  Gateway  
  106  9:34  Colossus x2  
  118  10:01  Extended Thermal Lance  
  118  10:06  Nexus  
  118  10:08  Pylon  
  118  10:09  Pylon  
  118  10:10  Gateway  
  118  10:13  Gateway  
  118  10:15  Pylon  
  118  10:32  Colossus x2  
  130  10:46  Probe x3  
  133  11:00  Zealot x5  
  142  11:11  Stalker x4  
Show
View Real Time Build Order
Export as new Build Order

WindTalker Zerg 

Build Orders: Pool First 

Get SALT Encoding   

  12  0:19  Spawning Pool  
  11  0:22  Drone  
  11  0:26  Drone  
  13  0:31  Drone  
  14  0:40  Overlord  
  14  0:51  Extractor  
  14  0:52  Drone  
  14  0:53  Extractor  
  14  0:55  Drone  
  14  1:06  Zergling x2  
  15  1:13  Roach Warren  
  14  1:22  Queen  
  16  1:34  Drone  
  16  1:36  Overlord  
  17  2:00  Roach x2  
  21  2:01  Roach  
  23  2:11  Roach  
  25  2:26  Roach  
  27  2:33  Roach  
  27  2:37  Overlord  
  29  2:44  Overlord  
  25  3:08  Roach x2  
  25  3:09  Roach  
  27  3:24  Drone x3  
  27  3:51  Hatchery  
  26  3:57  Drone  
  26  3:58  Drone  
  28  4:09  Drone  
  30  4:10  Drone x2  
  30  4:13  Drone  
  32  4:25  Queen  
  32  4:27  Drone  
  35  4:37  Zergling x4  
  37  4:45  Overlord  
  37  4:46  Overlord  
  38  4:54  Spine Crawler  
  35  5:08  Roach x3  
  41  5:22  Hatchery  
  40  5:32  Spine Crawler  
  39  6:02  Overlord  
  39  6:09  Overlord  
  39  6:10  Overlord  
  39  6:14  Hatchery  
  38  6:19  Overlord  
  38  6:20  Queen  
  38  6:23  Metabolic Boost  
  40  6:27  Drone  
  41  6:33  Drone  
  41  6:35  Zergling x2  
  41  6:39  Zergling x2  
  44  6:42  Zergling x2  
  44  6:46  Zergling x2  
  46  6:53  Zergling x2  
  46  6:54  Zergling x2  
  48  7:00  Roach  
  50  7:08  Roach  
  52  7:09  Roach  
  54  7:23  Drone x3  
  54  7:26  Roach  
  54  7:29  Roach  
  61  7:32  Zergling x2  
  62  7:38  Roach  
  62  7:42  Drone  
  62  7:43  Drone  
  66  7:55  Roach x3  
  72  8:04  Roach x2  
  76  8:11  Drone  
  76  8:12  Drone, Evolution Chamber  
  77  8:16  Roach  
  71  8:34  Drone x3  
  71  8:35  Drone x4  
  71  8:36  Drone  
  79  8:53  Hatchery  
  78  8:59  Roach x2  
  78  9:01  Lair  
  82  9:12  Extractor x2  
  80  9:33  Hatchery  
  75  9:42  Roach x3  
  75  9:43  Roach  
  71  9:45  Zergling x2  
  71  9:46  Zergling x4  
  71  9:52  Zerg Missile Weapons Level 1  
  74  9:53  Overlord x3  
  74  9:54  Overlord x2  
  74  10:05  Overlord  
  74  10:12  Drone x5  
  74  10:13  Drone  
  82  10:19  Evolution Chamber  
  79  10:27  Roach x3  
  81  10:32  Roach  
  81  10:33  Roach  
  83  10:41  Overlord  
  83  10:42  Overlord  
  79  10:51  Drone x6  
  79  10:52  Drone  
  86  10:59  Drone x2  
  83  11:20  Roach x3  
  83  11:21  Roach x4  
Tags
 
Add a new tag
Caveats
  • Supply blocks, unpowered buildings, or Contaminate may cause inaccurate times.
  • Supply counts are checked every 10 seconds.